AoeStats
← SAKI

Black Forest

510476971Analyzed
3v3 RM · 11h ago on Oct 1, 2026· 61m 7s· 6 players
Game mode
Random Map
Map size
Normal (6 player)
Population
200
Speed
Normal
Resources
Standard
Victory
Conquest
Starting age
Dark Age
Ending age
Imperial Age
RankedLock teamsTeams togetherTeam positionsShared explorationLock speedFull tech treeHidden civsTurbo modeCheats
Victory
Defeat
🇵🇪 Khmer · Peru
962
+17
🇵🇪 Persians · Peru
962
+17
🇵🇪 Mongols · Peru
949
+18
🇨🇳 Franks · China
1077
-21
🇻🇳 Khmer · Vietnam
977
-17
🇨🇳 Japanese · China
903
-14
LEONIDAS
0:28 Loom
14:10 Feudal Age
15:03 Double-Bit Axe
15:00 Horse Collar
15:36 Gold Mining
22:43 Castle Age
21:37 Stone Mining
24:20 Heavy Plow
24:31 Bow Saw
30:17 Gold Shaft Mining
34:31 Imperial Age
35:51 Chemistry
36:21 Fletching
36:37 Scale Barding Armor
39:37 Heavy Scorpion
43:38 Stone Shaft Mining
43:07 Caravan
46:47 Chain Barding Armor
46:38 Forging
47:58 Wheelbarrow
49:03 Plate Barding Armor
49:04 Iron Casting
52:22 Blast Furnace
51:25 Husbandry
51:36 Bloodlines
53:49 Two-Man Saw
55:12 Elite War Elephant
56:13 Conscription
56:14 Murder Holes
56:39 Ballistics
57:16 Padded Archer Armor
ethan_winters
0:48 Loom
10:12 Feudal Age
11:26 Double-Bit Axe
18:31 Castle Age
17:21 Stone Mining
17:14 Horse Collar
22:19 Bow Saw
24:13 Stone Shaft Mining
23:30 Gold Mining
24:58 Heavy Plow
26:52 Fortified Wall
32:11 Imperial Age
31:21 Gold Shaft Mining
31:39 Forging
31:35 Scale Barding Armor
32:02 Padded Archer Armor
31:53 Fletching
34:15 Iron Casting
34:01 Chain Barding Armor
34:24 Town Watch
35:15 Wheelbarrow
35:26 Leather Archer Armor
35:07 Bodkin Arrow
37:05 Blast Furnace
36:33 Town Patrol
36:41 Elite Mangudai
37:42 Conscription
37:19 Onager
39:23 Chemistry
38:43 Ballistics
38:46 Drill
38:48 Conscription
40:13 Siege Onager
40:21 Siege Onager
41:36 Bloodlines
41:27 Husbandry
42:12 Heavy Camel Rider
42:57 Bracer
45:07 Coinage
44:37 Caravan
45:33 Elite Mangudai
46:22 Thumb Ring
46:43 Parthian Tactics
46:32 Light Cavalry
47:44 Hussar
53:28 Heavy Scorpion
Jared
0:35 Loom
11:53 Feudal Age
14:08 Wheelbarrow
17:11 Castle Age
29:20 Gold Mining
29:20 Stone Mining
29:12 Horse Collar
29:41 Double-Bit Axe
30:39 Fortified Wall
31:01 Heavy Plow
31:21 Bow Saw
32:38 Gold Shaft Mining
32:39 Stone Shaft Mining
33:38 Stone Shaft Mining
38:25 Imperial Age
39:18 Forging
39:14 Scale Barding Armor
42:09 Iron Casting
41:54 Chain Barding Armor
42:37 Chemistry
43:45 Tusk Swords
44:06 Conscription
44:13 Bloodlines
44:03 Husbandry
43:24 Elite Battle Elephant
45:23 Blast Furnace
44:59 Plate Barding Armor
45:25 Hand Cart
44:58 Town Watch
47:34 Scale Mail Armor
50:34 Caravan
50:11 Elite Ballista Elephant
50:51 Double Crossbow
52:52 Chain Mail Armor
53:33 Double Crossbow
53:57 Ballistics
53:32 Murder Holes
53:42 Siege Engineers
53:48 Masonry
53:30 Fletching
53:41 Man-at-Arms
54:06 Arson
55:49 Long Swordsman
55:50 Pikeman
57:51 Hoardings
Canyu
1:05 Loom
13:40 Feudal Age
13:49 Man-at-Arms
14:15 Arson
17:48 Fletching
18:53 Horse Collar
19:02 Double-Bit Axe
19:37 Gold Mining
24:19 Castle Age
25:11 Bow Saw
25:20 Heavy Plow
25:13 Stone Mining
29:15 Wheelbarrow
31:06 Hand Cart
34:45 Town Watch
36:30 Gold Shaft Mining
35:45 Stone Mining
36:09 Squires
35:54 Gambesons
36:13 Scale Mail Armor
36:24 Forging
36:09 Bodkin Arrow
38:59 Imperial Age
36:33 Town Patrol
37:24 Yasama
37:09 Long Swordsman
38:18 Crossbowman
39:03 Thumb Ring
39:01 Padded Archer Armor
39:17 Chain Mail Armor
39:37 Iron Casting
39:05 Padded Archer Armor
40:16 Conscription
39:17 Elite Samurai
40:35 Hoardings
40:36 Plate Mail Armor
40:07 Bracer
40:07 Padded Archer Armor
39:50 Treadmill Crane
40:31 Ballistics
40:07 Murder Holes
40:18 Siege Engineers
40:36 Onager
42:26 Blast Furnace
41:27 Bracer
42:23 Padded Archer Armor
42:52 Parthian Tactics
41:48 Heavy Cavalry Archer
42:14 Pikeman
45:11 Kataparuto
47:14 Leather Archer Armor
47:05 Scale Barding Armor
48:34 Halberdier
55:31 Caravan
56:31 Heavy Scorpion
kyokiroto
0:58 Loom
12:09 Feudal Age
16:21 Castle Age
14:53 Double-Bit Axe
15:24 Stone Mining
15:26 Gold Mining
20:09 Bow Saw
20:32 Horse Collar
23:32 Wheelbarrow
22:46 Town Watch
24:41 Heavy Plow
25:39 Hand Cart
26:55 Gold Shaft Mining
31:05 Imperial Age
31:28 Stone Shaft Mining
33:31 Scale Barding Armor
33:37 Forging
33:28 Padded Archer Armor
34:30 Chemistry
33:50 Ballistics
33:02 Heavy Scorpion
34:34 Crop Rotation
35:07 Husbandry
35:17 Bloodlines
34:28 Light Cavalry
35:50 Conscription
35:33 Double Crossbow
36:01 Chain Barding Armor
36:17 Iron Casting
35:59 Leather Archer Armor
38:28 Hussar
42:20 Caravan
45:10 Plate Barding Armor
45:36 Blast Furnace
45:06 Ring Archer Armor
44:33 Heated Shot
44:54 Masonry
44:49 Siege Engineers
44:40 Murder Holes
44:55 Fortified Wall
44:11 Capped Ram
57:19 Town Patrol
SAKI
1:08 Loom
13:40 Feudal Age
15:07 Double-Bit Axe
18:09 Castle Age
16:47 Gold Mining
16:51 Stone Mining
19:21 Bow Saw
24:57 Wheelbarrow
26:08 Gold Shaft Mining
26:58 Hand Cart
30:44 Imperial Age
28:04 Town Watch
28:19 Town Watch
29:31 Treadmill Crane
30:36 Husbandry
30:42 Ordonnance Companies
30:58 Onager
32:05 Town Patrol
31:28 Cavalier
32:34 Conscription
33:32 Chivalry
32:54 Paladin
33:58 Scale Barding Armor
34:03 Forging
35:05 Chain Barding Armor
36:56 Iron Casting
37:54 Caravan
40:06 Plate Barding Armor
40:31 Blast Furnace
40:37 Hoardings
40:14 Masonry
41:05 Chemistry
41:35 Fletching
42:18 Architecture
42:10 Ballistics
43:10 Bodkin Arrow
44:09 Coinage
47:19 Siege Engineers
47:17 Scale Mail Armor
51:34 Chain Mail Armor
50:42 Pikeman
51:22 Squires
52:50 Banking
51:49 Halberdier
52:17 Gambesons
52:18 Arson
58:37 Plate Mail Armor
59:04 Hoardings
Connection lost

Rejoining the realm…

Still unreachable

The connection could not be restored.

Session expired

The server has moved on; the page needs a fresh start.